 Dungeon Crawl Stone Soup version 0.19-a0-1445-ge808afc (webtiles) character file.

250 PurpleRed the Conjurer (level 5, -13/28 HPs)
             Began as a Deep Elf Conjurer on Sept 5, 2016.
             Was an Initiate of Vehumet.
             Killed from afar by an electric eel (16 damage)
             ... with a bolt of electricity
             ... on level 6 of the Dungeon.
             The game lasted 00:08:38 (1069 turns).

PurpleRed the Conjurer (Deep Elf Conjurer)          Turns: 1069, Time: 00:08:39

Health: -13/28     AC:  2    Str:  5    XL:     5   Next: 88%
Magic:  14/14      EV: 13    Int: 21    God:    Vehumet [......]
Gold:   118        SH:  0    Dex: 15    Spells: 4 memorised, 3 levels left

rFire  . . .     SeeInvis .     j - +2 short sword (drain)
rCold  . . .     Gourm    .     a - +0 robe
rNeg   . . .     Faith    .     (no shield)
rPois  .         Spirit   .     (no helmet)
rElec  .         Dismiss  .     (no cloak)
rCorr  .         Reflect  .     (no gloves)
MR     .....     Harm     .     (no boots)
Stlth  +.........               (no amulet)
                                (no ring)
                                f - ring of loudness (curse)

@: no status effects
A: no striking features
a: Renounce Religion


You were on level 6 of the Dungeon.
You worshipped Vehumet.
Vehumet was noncommittal.
You were hungry.

You visited 2 branches of the dungeon, and saw 7 of its levels.

You collected 118 gold pieces.

Inventory:

Hand Weapons
 j - a +2 short sword of draining (weapon)
Armour
 a - a +0 robe (worn)
 k - a +0 leather armour of magic resistance
Jewellery
 f - a cursed ring of loudness (left hand)
Wands
 d - a wand of lightning (9/15)
Potions
 e - a potion of berserk rage
 g - a potion of haste
 i - 2 potions of degeneration {unknown}
 l - a potion of ambrosia
 m - 2 potions of brilliance
 p - a potion of lignification {unknown}
 q - 2 potions of curing {unknown}
Books
 b - a book of Conjurations

   Spells                             Type                      Level
   a - Magic Dart                     Conjuration                  1
   b - Searing Ray                    Conjuration                  2
   c - Dazzling Spray                 Conjuration/Hexes            3
   d - Fulminant Prism                Conjuration/Hexes            4
   e - Iskenderun's Mystic Blast      Conjuration                  4
   f - Iskenderun's Battlesphere      Conjuration/Charms           5
Comestibles
 c - 2 bread rations
 r - a meat ration


   Skills:
 - Level 2.4 Dodging
 - Level 2.4 Stealth
 + Level 5.1 Spellcasting
 * Level 6.8 Conjurations
 + Level 2.0 Charms


You had 3 spell levels left.
You knew the following spells:

 Your Spells              Type           Power        Failure   Level  Hunger
a - Magic Dart            Conj           ####         1%          1    None
b - Searing Ray           Conj           ####..       1%          2    None
c - Dazzling Spray        Conj/Hex       ###...       10%         3    ##.....
d - Iskenderun's Battles  Conj/Chrm      ###.....     54%         5    #####..


Dungeon Overview and Level Annotations

Branches:
Dungeon (6/15)             Temple (1/1) D:4

Altars:
Dithmenos
Fedhas
Gozag
Nemelex Xobeh
Qazlal
Ru
Trog
Vehumet
Zin
The Shining One


Message History

The hound closely misses you. The hound bites you.
The searing ray hits the hound.
You kill the hound!
Vehumet accepts your kill.
Your Charms skill increases to level 2!
You see here a hound corpse.
You enter the shallow water.
Moving in this stuff is going to be slow.
Found 12 gold pieces.
You now have 118 gold pieces (gained 12).
An electric eel comes into view.
You are feeling hungry.
The electric eel shoots out a bolt of lightning at you!
The bolt of electricity hits you!
Ouch! That really hurt!
* * * LOW HITPOINT WARNING * * *
The electric eel shoots out a bolt of lightning at you!
The bolt of electricity hits you!
Ouch! That really hurt!
You die...

≈P≈≈≈≈≈≈P≈♣#.##.#
≈≈≈≈≈≈≈≈≈≈≈≈....
≈≈≈≈≈≈≈P≈P≈≈♣####
≈≈≈P≈≈P≈..P.≈...#
≈≈.≈.≈≈.;.≈.....#
................# #########
.......≈..≈≈≈≈≈.# #..<....#
...≈..PPP≈≈≈♣♣≈.# #†#####.#
#≈≈≈≈≈P≈P≈≈♣≈..@######.# ###.#
##♣♣≈≈♣♣PP≈≈.....##.##.#......
♣♣♣ ♣♣♣♣##.##.#...#..#
#.##........# #........#..#
####.##........# #.###########
..# ####


You could see an electric eel.

Vanquished Creatures
  A crimson imp (D:5)
  A hound (D:6)
  An orc priest (D:3)
  A worker ant (D:4)
  An orc wizard (D:5)
  3 gnolls (D:2)
  3 adders
  2 oozes
  An adder skeleton (D:4)
  2 giant geckos (D:2)
  3 orcs (D:3)
  A ball python (D:1)
  2 bats
  3 giant cockroaches
  4 goblins
  3 hobgoblins
  2 kobolds
  A quokka (D:3)
  A giant newt (D:5)
  A jackal skeleton (D:4)
  2 rats
39 creatures vanquished.

Notes
Turn   | Place    | Note
-------+----------+-------------------------------------------
     0 | D:1      | PurpleRed the Deep Elf Conjurer began the quest for the Orb.
     0 | D:1      | Reached XP level 1. HP: 10/10 MP: 6/6
   107 | D:3      | Noticed an orc priest
   127 | D:3      | Reached XP level 2. HP: 14/15 MP: 1/8
   131 | D:3      | Learned a level 2 spell: Searing Ray
   185 | D:2      | Reached skill level 5 in Conjurations
   230 | D:2      | Reached XP level 3. HP: 16/19 MP: 1/10
   360 | D:1      | Reached XP level 4. HP: 12/24 MP: 4/12
   469 | D:3      | Reached skill level 6 in Conjurations
   629 | D:4      | Reached XP level 5. HP: 21/28 MP: 9/14
   636 | D:4      | Learned a level 3 spell: Dazzling Spray
   642 | D:4      | Learned a level 5 spell: Iskenderun's Battlesphere
   660 | D:4      | Found a staircase to the Ecumenical Temple.
   669 | Temple   | Entered the Ecumenical Temple
   683 | Temple   | Became a worshipper of Vehumet
   741 | D:5      | Entered Level 5 of the Dungeon
   871 | D:5      | Reached skill level 1 in Charms
   902 | D:5      | Found a sacrificial altar of Ru.
   907 | D:5      | Reached skill level 5 in Spellcasting
  1069 | D:6      | Killed from afar by an electric eel

Vault maps used:
D:1:      minmay_arrival_stone_box, st_stairs_3
D:2:      uniq_terence
D:4:      first_bread
D:5:      serial_shops, shop, nicolae_shop_statue_plus,
          nicolae_ru_great_annihilating_truth, uniq_sigmund
D:6:      serial_bayou_ford_a
Temple:   nicolae_temple_the_god_donut

Skill      XL: |  1  2  3  4  5 |
---------------+----------------+-----
Conjurations   | 5 6 |  6.8
Spellcasting   | 4 5 |  5.1
Charms         | 2 |  2.0
Dodging        | |  2.4
Stealth        | |  2.4

Action                   |  1- 3 |  4- 6 || total
-------------------------+-------+-------++-------
Melee: Short sword       |    14 |     6 ||    20
 Cast: Magic Dart        |    17 |    17 ||    34
       Searing Ray       |     4 |     8 ||    12
  Use: Scroll            |       |     8 ||     8
 Stab: Sleeping          |     1 |       ||     1
       Paralysed         |       |     1 ||     1
Armor: Robe              |     5 |     3 ||     8
Dodge: Dodged            |    26 |    12 ||    38
